 Dungeon Crawl Stone Soup version 0.23.2-1-ga50397a6bc (webtiles) character file.

Game seed: 5519742409982060223

5217 Kobolds4U the Carver (level 10, -5/80 (81) HPs)
             Began as a Minotaur Fighter on May 1, 2019.
             Was a Believer of Ru.
             Slain by Erolcha
             ... wielding a cursed -1 giant club
              (26 damage)
             ... on level 9 of the Dungeon.
             The game lasted 00:14:40 (8554 turns).

Kobolds4U the Carver (Minotaur Fighter)             Turns: 8554, Time: 00:14:41

HP:   -5/80 (81)    AC: 15    Str: 21    XL:     10   Next: 35%
MP:   9/9           EV:  6    Int:  6    God:    Ru [**....]
Gold: 238           SH:  0    Dex: 12    Spells: 9/9 levels left

rFire    + . .     SeeInvis .   E - +0 great sword
rCold    . . .     Gourm    .   (shield currently unavailable)
rNeg     . . .     Faith    .   y - +0 plate armour
rPois    .         Spirit   .   (helmet restricted)
rElec    .         Reflect  .   (no cloak)
rCorr    .         Harm     .   (no gloves)
MR       .....                  p - +0 pair of boots
Stlth    ..........             (no amulet)
HPRegen  0.23/turn              C - ring of protection from fire
MPRegen  0.11/turn              (no ring)

@: no status effects
A: retaliatory headbutt, horns 2, frail 1
a: Renounce Religion


You were on level 9 of the Dungeon.
You worshipped Ru.
Ru was pleased with you.
You were hungry.

You visited 1 branch of the dungeon, and saw 9 of its levels.

You collected 441 gold pieces.
You spent 203 gold pieces at shops.

Inventory:

Hand Weapons
 a - a +0 scimitar
 E - a +0 great sword (weapon)
Armour
 p - a +0 pair of boots (worn)
 y - a +0 plate armour (worn)
Jewellery
 C - a ring of protection from fire (left hand)
Wands
 t - a wand of scattershot (6)
 B - a wand of enslavement (14)
 D - a wand of paralysis (24)
Scrolls
 c - a scroll of enchant weapon {unknown}
 g - 2 scrolls of noise {unknown}
 h - 3 scrolls of identify
 j - 5 scrolls of remove curse
 k - a scroll of immolation {unknown}
 m - 2 scrolls of fear {unknown}
 n - 4 scrolls of teleportation
 o - 3 scrolls of amnesia {unknown}
 r - 3 scrolls of enchant armour
 w - a scroll of vulnerability {unknown}
 x - a scroll of summoning
 z - a scroll of blinking {unknown}
 F - a scroll of torment {unknown}
Potions
 b - a potion of magic {unknown}
 d - a potion of might
 e - 2 potions of heal wounds
 i - 2 potions of lignification
 l - 2 potions of curing
 q - a potion of resistance {unknown}
 s - a potion of agility {unknown}
 u - 3 potions of degeneration {unknown}
 v - a potion of invisibility
 A - a potion of flight {unknown}
Comestibles
 f - 13 rations
 G - 2 chunks of flesh


   Skills:
 + Level 9.5 Fighting
 - Level 14.0 Long Blades
 + Level 8.1 Armour
   Level 3.6 Shields


You had 9 spell levels left.
You didn't know any spells.
Your spell library contained the following spells:

 Spells                   Type           Power        Failure   Level  Hunger
 Animate Skeleton         Necr           N/A          100%        1    ##.....
 Apportation              Tloc           #.....       100%        1    ##.....
 Confusing Touch          Hex            #.....       100%        1    ##.....
 Summon Small Mammal      Summ           #...         100%        1    ##.....


Dungeon Overview and Level Annotations

Branches:
Dungeon (9/15)             Temple (0/1) D:7             Orc (0/2) D:9
   Lair: D:8-11

Altars:
Dithmenos
Hepliaklqana
Kikubaaqudgha
Qazlal
Ru
Sif Muna
Trog
Yredelemnul

Shops:
D:6 ?(   D:8 (

Annotations:
D:4 3 runed translucent doors, H0rd4k's ghost, novice HuAr
D:9 Erolcha


Innate Abilities, Weirdness & Mutations

You reflexively headbutt those who attack you in melee.
You have a pair of horns on your head.
You are frail. (-10% HP)


Message History

Erolcha flickers and vanishes!
Deactivating autopickup; reactivate with Ctrl-A.
Found a glowing trident.
There is a stone staircase leading up here.
You slash the orc warrior!
The orc warrior is heavily wounded.
The orc warrior hits you with a +0 hand axe!
You slice the orc warrior!!
You kill the orc warrior!
Training target 14.0 for Long Blades reached!
Your Long Blades skill increases to level 14!
Something hits you!!
You closely miss something. Something hits you!
You hit something. Something hits you.
Your plate armour prevents you from hitting something.
Something hits you!
* * * LOW HITPOINT WARNING * * *
You closely miss something. Your headbutt misses something.
Something hits you!!
You die...

##..#####.# #.# #).#
....# #.######.# #..#
#...# #........# #..#
#...# #........######..#
.. #...#
#..#####......(..####....
#...# #..#
#....o............ #...#
#..# #........####.....
#...# #<.# #{######.#
.... #...# #..# #@# #.#
... #..# #(# #.# O. #.#
#.# . #.# #.# #.# #.# #.#
#.# #)# #.# #.# #.#


There were no monsters in sight!

Vanquished Creatures
  Harold (D:8)
  A two-headed ogre (D:8)
  Joseph (D:9)
  Grinder (D:6)
  A hornet (D:6)
  Sigmund (D:5)
  Edmund (D:4)
  2 orc warriors
  A sky beast (D:8)
  A black bear (D:6)
  A necrophage (D:7)
  7 ogres
  2 centaurs
  A bullfrog (D:8)
  A big kobold (D:6)
  Blork the orc (D:4)
  4 scorpions
  4 wights (D:8)
  A crimson imp (D:5)
  4 jellies
  5 hounds
  A bullfrog skeleton (D:6)
  3 orc priests
  A gnoll shaman (D:7)
  An iguana (D:8)
  7 orc wizards
  5 worker ants
  A killer bee zombie (D:5)
  A mummy (D:7)
  7 gnolls
  10 adders
  3 oozes
  4 worms
  A dart slug (D:2)
  3 leopard geckos
  24 orcs
  2 ball pythons
  7 giant cockroaches
  12 goblins
  4 hobgoblins
  9 kobolds
  3 quokkas
  A ball python skeleton (D:4)
  7 bats
  5 frilled lizards
  2 hobgoblin zombies (D:7)
  A kobold zombie (D:7)
  2 leopard gecko skeletons
  2 leopard gecko zombies (D:5)
  An orc zombie (D:7)
  A quokka skeleton (D:8)
  6 rats
179 creatures vanquished.

Notes
Turn   | Place    | Note
-------+----------+-------------------------------------------
     0 | D:1      | Kobolds4U the Minotaur Fighter began the quest for the Orb.
     0 | D:1      | Reached XP level 1. HP: 19/19 MP: 0/0
    56 | D:1      | Reached skill level 3 in Long Blades
   116 | D:1      | Reached XP level 2. HP: 24/26 MP: 1/1
   819 | D:2      | Reached skill level 4 in Long Blades
   825 | D:2      | Reached XP level 3. HP: 31/31 MP: 2/2
   915 | D:2      | Reached skill level 5 in Long Blades
   977 | D:2      | Found a bloodstained altar of Trog.
  1356 | D:3      | Reached XP level 4. HP: 39/39 MP: 3/3
  1676 | D:3      | Reached skill level 6 in Long Blades
  2303 | D:4      | Noticed an ogre
  2314 | D:4      | Reached XP level 5. HP: 40/45 MP: 4/4
  2317 | D:4      | Killed an ogre
  2317 | D:4      | Reached skill level 7 in Long Blades
  2486 | D:4      | Reached XP level 6. HP: 43/51 MP: 5/5
  2570 | D:4      | Reached skill level 8 in Long Blades
  2747 | D:4      | Found a runed translucent gate.
  2748 | D:4      | Found a runed translucent gate.
  2749 | D:4      | Found a runed translucent gate.
  2751 | D:4      | Noticed H0rd4k's ghost (novice HuAr)
  2753 | D:4      | You fall through a shaft!
  2753 | D:5      | Entered Level 5 of the Dungeon
  3198 | D:4      | Noticed Blork the orc
  3210 | D:4      | Killed Blork the orc
  3210 | D:4      | Reached XP level 7. HP: 56/60 MP: 6/6
  3365 | D:4      | Reached skill level 9 in Long Blades
  3495 | D:4      | Reached skill level 5 in Fighting
  3839 | D:4      | Noticed Edmund
  3852 | D:4      | Killed Edmund
  3852 | D:4      | Reached skill level 10 in Long Blades
  4286 | D:5      | Reached XP level 8. HP: 70/70 MP: 7/7
  4351 | D:5      | Found a basalt altar of Yredelemnul.
  4630 | D:5      | Noticed Sigmund
  4637 | D:5      | Killed Sigmund
  4668 | D:5      | Reached skill level 11 in Long Blades
  4720 | D:5      | Found a bloodstained altar of Trog.
  5005 | D:6      | Found Uxel's Magic Scroll Shoppe.
  5038 | D:6      | Bought a scroll of summoning for 133 gold pieces
  5038 | D:6      | Bought a scroll of identify for 28 gold pieces
  5038 | D:6      | Bought a scroll of remove curse for 42 gold pieces
  5075 | D:6      | Found a shadowy altar of Dithmenos.
  5270 | D:6      | Noticed Grinder
  5285 | D:6      | Killed Grinder
  5285 | D:6      | Reached skill level 5 in Armour
  5524 | D:6      | Found Hiufrohe's Antique Weapon Shoppe.
  5632 | D:6      | Found a sacrificial altar of Ru.
  5647 | D:6      | Became a worshipper of Ru the Awakened
  5832 | D:7      | Reached XP level 9. HP: 79/79 MP: 8/8
  5977 | D:6      | HP: 1/79 [hornet (6)]
  5981 | D:6      | Paralysed by a hornet for 2 turns
  5988 | D:6      | Reached skill level 12 in Long Blades
  6475 | D:7      | Found a staircase to the Ecumenical Temple.
  6786 | D:7      | Gained mutation: You are frail. (-10% HP) [Ru sacrifice]
  6786 | D:7      | Reached * piety under Ru
  6786 | D:7      | Reached ** piety under Ru
  6818 | D:7      | Found a deep blue altar of Sif Muna.
  6818 | D:7      | Found an ancient bone altar of Kikubaaqudgha.
  6905 | D:8      | Noticed a two-headed ogre
  6916 | D:8      | Killed a two-headed ogre
  6916 | D:8      | Reached skill level 13 in Long Blades
  7251 | D:8      | Found a stormy altar of Qazlal.
  7627 | D:8      | Found a hazy altar of Hepliaklqana.
  7635 | D:8      | Reached XP level 10. HP: 80/80 MP: 9/9
  7696 | D:8      | Found Iresutoe's Antique Weapon Shop.
  8005 | D:8      | Noticed Harold
  8014 | D:8      | Paralysed by Harold for 2 turns
  8028 | D:8      | Killed Harold
  8391 | D:9      | Noticed Joseph
  8401 | D:9      | Killed Joseph
  8530 | D:9      | Found a staircase to the Orcish Mines.
  8530 | D:9      | Noticed Erolcha
  8546 | D:9      | Reached skill level 14 in Long Blades
  8554 | D:9      | Slain by Erolcha

Skill      XL: |  1  2  3  4  5  6  7  8  9 10 |
---------------+-------------------------------+-----
Long Blades    | 3 4 5 6 7 8 10 11 13 14 | 14.0
Fighting       | 4 6 7 9 |  9.5
Armour         | 5 7 8 |  8.1
Shields        | |  3.6

Action                   |  1- 3 |  4- 6 |  7- 9 | 10-12 || total
-------------------------+-------+-------+-------+-------++-------
Melee: Long sword        |    73 |   132 |    14 |       ||   219
       Headbutt          |    10 |    16 |    64 |    12 ||   102
       Scimitar          |       |       |   244 |       ||   244
       Great sword       |       |       |    31 |    44 ||    75
Invok: Sacrifice Health  |       |       |     1 |       ||     1
  Use: Potion            |       |     1 |     4 |       ||     5
       Scroll            |       |       |     4 |       ||     4
 Stab: Invisible         |       |       |     2 |       ||     2
       Distracted        |       |       |     1 |       ||     1
  Eat: Chunk             |     1 |     6 |    14 |     3 ||    24
Armor: Scale mail        |    23 |    50 |     3 |       ||    76
       Chain mail        |       |       |    21 |       ||    21
       Plate armour      |       |       |   111 |     7 ||   118
Dodge: Dodged            |    19 |    23 |    50 |     6 ||    98
Block: Shield            |    39 |    50 |    97 |       ||   186
       Rpst.: Long sword |     9 |     9 |     3 |       ||    21
       Scimitar          |       |       |     7 |       ||     7
       Great sword       |       |       |     1 |     1 ||     2
